3L
HARTFORD WHALERS @ KINGSTON TOWNSHIP LEGION
04/26/2022
 
TOP OF THE 1ST
Hartford Whalers batting - Pitching for Kingston Township Legion : RHP Jon Briddon
Pitching: RHP Jon Briddon
Batting: RHB Russell Jackson 0-0: Ball
1-0: Fly out, F3 (Popup, 3F)
Batting: LHB Gerald Holloway 0-0: Called Strike
0-1: Swinging Strike
0-2: Ball
1-2: Strikes out swinging
Batting: LHB César Durán 0-0: Ball
1-0: Ball
2-0: Ground out 4-3 (Groundball, 4)
Top of the 1st over - 0 run(s), 0 hit(s), 0 error(s), 0 left on base; Hartford 0 - Kingston Township 0
BOTTOM OF THE 1ST
Kingston Township Legion batting - Pitching for Hartford Whalers : RHP Cole Hall
Pitching: RHP Cole Hall
Batting: LHB Forrest McCooke 0-0: Called Strike
0-1: Ball
1-1: Foul Ball, location: 2F
1-2: Ground out 3-1 (Groundball, 3L)
Batting: RHB Vicente Toro 0-0: Called Strike
0-1: Ball
1-1: Ball
2-1: Fly out, F8 (Line Drive, 78M)
Batting: LHB Clay Rush 0-0: Ball
1-0: Ball
2-0: Ball
3-0: Base on Balls
Batting: RHB Akihiko Oike 0-0: Fly out, F2 (Popup, 23F)
Bottom of the 1st over - 0 run(s), 0 hit(s), 0 error(s), 1 left on base; Hartford 0 - Kingston Township 0
TOP OF THE 2ND
Hartford Whalers batting - Pitching for Kingston Township Legion : RHP Jon Briddon
Batting: LHB Norm Ortega 0-0: Ball
1-0: Ground out 4-3 (Groundball, 13)
Batting: RHB Júlio Morín 0-0: Called Strike
0-1: Swinging Strike
0-2: Foul Ball, location: 2F
0-2: Foul Ball, location: 2F
0-2: Ball
1-2: SINGLE (Line Drive, 56D)
Batting: LHB José Marín 0-0: Called Strike
0-1: Foul Ball, location: 2F
0-2: Ball
1-2: Foul Ball, location: 2F
1-2: Ball
2-2: Foul Ball, location: 2F
2-2: Ball
3-2: Fielders Choice at 2nd, 4-6 (Groundball, 34)
Batting: RHB Dave Farr Pickoff Throw to First - Error! E1
José Marín to second
0-0: Ball
1-0: Ball
2-0: Hit by Pitch
Batting: RHB Michael Collins 0-0: Ground out 4-3 (Groundball, 4)
Top of the 2nd over - 0 run(s), 1 hit(s), 1 error(s), 2 left on base; Hartford 0 - Kingston Township 0
BOTTOM OF THE 2ND
Kingston Township Legion batting - Pitching for Hartford Whalers : RHP Cole Hall
Batting: LHB Gonzalo López 0-0: Ball
1-0: Ball
2-0: Ball
3-0: Base on Balls
Batting: RHB Layton Templeman 0-0: Called Strike
0-1: Ball
1-1: SINGLE (Line Drive, 89S)
Gonzalo López to second
Gonzalo López to third
Batting: RHB Pedro Mendoza 0-0: Called Strike
0-1: Ball
1-1: Ball
2-1: Foul Ball, location: 2F
2-2: Ball
3-2: Base on Balls
Layton Templeman to second
Batting: LHB Wilfrid Savary 0-0: Fly out, F6 (Line Drive, 6M)
0-0: Lined into DP, 6-5 (Line Drive, 6M)
Batting: RHB Nectanebos Dolenian 0-0: Fielders Choice at 2nd, 5-4 (Groundball, 56)
Bottom of the 2nd over - 0 run(s), 1 hit(s), 0 error(s), 1 left on base; Hartford 0 - Kingston Township 0
TOP OF THE 3RD
Hartford Whalers batting - Pitching for Kingston Township Legion : RHP Jon Briddon
Batting: RHB Juan García 0-0: Foul Ball, location: 2F
0-1: Ball
1-1: Called Strike
1-2: Strikes out swinging
Batting: RHB Russell Jackson 0-0: Called Strike
0-1: Ball
1-1: Ball
2-1: Ball
3-1: Called Strike
3-2: Strikes out looking
Batting: LHB Gerald Holloway 0-0: Foul Ball, location: 2F
0-1: Swinging Strike
0-2: Ball
1-2: Ball
2-2: Ball
3-2: Foul Ball, location: 2F
3-2: Foul Ball, location: 2F
3-2: DOUBLE (Flyball, 7M)
Batting: LHB César Durán 0-0: Ball
1-0: Foul Ball, location: 2F
1-1: Ball
2-1: Foul Ball, location: 2F
2-2: Strikes out looking
Top of the 3rd over - 0 run(s), 1 hit(s), 0 error(s), 1 left on base; Hartford 0 - Kingston Township 0
BOTTOM OF THE 3RD
Kingston Township Legion batting - Pitching for Hartford Whalers : RHP Cole Hall
Batting: LHB Forrest McCooke 0-0: Called Strike
0-1: Foul Ball, location: 2F
0-2: Ball
1-2: Fly out, F7 (Flyball, 7M)
Batting: RHB Vicente Toro 0-0: Ball
1-0: Called Strike
1-1: SINGLE (Groundball, 6)
Batting: LHB Clay Rush 0-0: Foul Ball, location: 2F
0-1: Fielders Choice at 2nd, 4-6 (Groundball, 34)
Batting: RHB Akihiko Oike 0-0: Ball
1-0: Ball
2-0: Fly out, F8 (Line Drive, 8LD)
Bottom of the 3rd over - 0 run(s), 1 hit(s), 0 error(s), 1 left on base; Hartford 0 - Kingston Township 0
TOP OF THE 4TH
Hartford Whalers batting - Pitching for Kingston Township Legion : RHP Jon Briddon
Batting: LHB Norm Ortega 0-0: SINGLE (Groundball, 34D)
Batting: RHB Júlio Morín 0-0: Ball
1-0: Called Strike
1-1: DOUBLE (Flyball, 8RXD)
Norm Ortega to third
Batting: LHB José Marín 0-0: Intentional Walk
Batting: RHB Dave Farr 0-0: Called Strike
0-1: Ball
1-1: Grounds into double play, 4-6-3 (Groundball, 4)
Norm Ortega scores
Júlio Morín to third
Batting: RHB Michael Collins 0-0: Swinging Strike
0-1: Foul Ball, location: 2F
0-2: Ball
1-2: Strikes out swinging
Top of the 4th over - 1 run(s), 2 hit(s), 0 error(s), 1 left on base; Hartford 1 - Kingston Township 0
BOTTOM OF THE 4TH
Kingston Township Legion batting - Pitching for Hartford Whalers : RHP Cole Hall
Batting: LHB Gonzalo López 0-0: SOLO HOME RUN (Flyball, 78XD), Distance : 418 ft
Batting: RHB Layton Templeman 0-0: Ball
1-0: Ball
2-0: Foul Ball, location: 2F
2-1: Ball
3-1: Base on Balls
Batting: RHB Pedro Mendoza 0-0: SINGLE (Line Drive, 7S)
Layton Templeman to second
Batting: LHB Wilfrid Savary 0-0: Foul Ball, location: 2F
0-1: Swinging Strike
0-2: Ball
1-2: Ball
2-2: Ball
3-2: 3-RUN HOME RUN (Flyball, 9D), Distance : 382 ft
Batting: RHB Nectanebos Dolenian 0-0: Ball
1-0: Ball
2-0: Foul Ball, location: 2F
2-1: SINGLE (Flyball, 8LS)
Batting: LHB Forrest McCooke 0-0: Called Strike
0-1: Ball
1-1: Foul Ball, location: 2F
1-2: Foul Ball, location: 2F
1-2: Foul Ball, location: 2F
1-2: Ball
2-2: Foul Ball, location: 2F
2-2: Ball
3-2: Strikes out swinging
Batting: RHB Vicente Toro 0-0: Fly out, F7 (Flyball, 7M)
Batting: LHB Clay Rush 0-0: Foul Ball, location: 2F
0-1: Ball
Wild Pitch!
Nectanebos Dolenian to second
1-1: Fly out, F9 (Flyball, 9D)
Bottom of the 4th over - 4 run(s), 4 hit(s), 0 error(s), 1 left on base; Hartford 1 - Kingston Township 4
TOP OF THE 5TH
Hartford Whalers batting - Pitching for Kingston Township Legion : RHP Jon Briddon
Pitching: RHP Wally Wilkerson
Batting: RHB Juan García 0-0: Ball
1-0: Called Strike
1-1: Fly out, F8 (Line Drive, 8LM)
Batting: RHB Russell Jackson 0-0: Called Strike
0-1: Ground out 1-3 (Groundball, 15)
Batting: LHB Gerald Holloway 0-0: Swinging Strike
0-1: Ball
1-1: Ball
2-1: Swinging Strike
2-2: Ball
3-2: Base on Balls
Batting: LHB César Durán 0-0: Called Strike
0-1: Called Strike
0-2: SINGLE (Groundball, 4M)
Gerald Holloway to second
Batting: LHB Norm Ortega 0-0: SINGLE (Groundball, 6D)
Gerald Holloway to third
César Durán to second
Runner from 3rd tries for Home, SAFE, no throw or cutoff
Batting: RHB Júlio Morín 0-0: Ball
1-0: Called Strike
1-1: Ball
2-1: SINGLE (Flyball, 7LM)
César Durán to third
Norm Ortega to second
Batting: LHB José Marín 0-0: Foul Ball, location: 2F
0-1: Ball
1-1: Called Strike
1-2: SINGLE (Line Drive, 9S)
César Durán scores
Norm Ortega to third
Júlio Morín to second
Batting: RHB Dave Farr 0-0: Ball
1-0: Ball
2-0: Ball
3-0: Called Strike
3-1: Foul Ball, location: 2F
3-2: Base on Balls
Norm Ortega scores
Júlio Morín to third
José Marín to second
Batting: RHB Michael Collins 0-0: Ball
1-0: Ball
2-0: Foul Ball, location: 2F
2-1: Foul Ball, location: 2F
2-2: Fielders Choice at 2nd, 5-4 (Groundball, 56)
Top of the 5th over - 3 run(s), 4 hit(s), 0 error(s), 2 left on base; Hartford 4 - Kingston Township 4
BOTTOM OF THE 5TH
Kingston Township Legion batting - Pitching for Hartford Whalers : RHP Cole Hall
Pitching: RHP Bill Kelly
Batting: RHB Akihiko Oike 0-0: Ball
1-0: Ball
2-0: Foul Ball, location: 2F
2-1: Ball
3-1: Base on Balls
Batting: LHB Gonzalo López 0-0: Ball
1-0: Ball
2-0: Called Strike
2-1: Foul Ball, location: 2F
2-2: 2-RUN HOME RUN (Flyball, 9D), Distance : 365 ft
Batting: RHB Layton Templeman 0-0: Ball
1-0: SINGLE (Groundball, 4M)
Batting: RHB Pedro Mendoza 0-0: Called Strike
0-1: Ball
1-1: Bunted foul
1-2: Fly out, F4 (Popup, 34)
Batting: LHB Wilfrid Savary 0-0: Called Strike
0-1: Ball
1-1: Called Strike
1-2: Foul Ball, location: 2F
1-2: Ball
2-2: SINGLE (Groundball, 34D) (infield hit)
Layton Templeman to second
Batting: RHB Nectanebos Dolenian 0-0: Ball
1-0: Called Strike
1-1: Swinging Strike
1-2: Foul Ball, location: 2F
1-2: Strikes out swinging
Pinch Hitting: RHB Ernie McPherson 0-0: Ball
1-0: Called Strike
1-1: Ground out 1-3 (Groundball, 15S)
Bottom of the 5th over - 2 run(s), 3 hit(s), 0 error(s), 2 left on base; Hartford 4 - Kingston Township 6
TOP OF THE 6TH
Hartford Whalers batting - Pitching for Kingston Township Legion : RHP Wally Wilkerson
Pitching: RHP Louis McDowell
Now at SS: Ernie McPherson
Batting: RHB Juan García 0-0: Fly out, F8 (Flyball, 8LM)
Batting: RHB Russell Jackson 0-0: Foul Ball, location: 2F
0-1: Reached on error, E5 (Groundball, 5)
Pinch Hitting: RHB Román Centena 0-0: Ball
1-0: Called Strike
1-1: Ball
2-1: Ball
3-1: Foul Ball, location: 2F
3-2: Foul Ball, location: 2F
3-2: Foul Ball, location: 2F
3-2: Foul Ball, location: 2F
3-2: Base on Balls
Pinch Hitting: RHB Brent Burgess 0-0: Ball
1-0: Grounds into double play, 6-4-3 (Groundball, 6)
Top of the 6th over - 0 run(s), 0 hit(s), 1 error(s), 1 left on base; Hartford 4 - Kingston Township 6
BOTTOM OF THE 6TH
Kingston Township Legion batting - Pitching for Hartford Whalers : RHP Bill Kelly
Now at 3B: Brent Burgess
Now in CF: Román Centena
Batting: RHB Vicente Toro 0-0: Foul Ball, location: 2F
0-1: Ball
1-1: Foul Ball, location: 2F
1-2: Ball
2-2: Ball
3-2: Fly out, F6 (Popup, 6MS)
Batting: LHB Clay Rush 0-0: Ball
1-0: Ball
2-0: Foul Ball, location: 2F
2-1: Ball
3-1: Base on Balls
Batting: RHB Akihiko Oike 0-0: Called Strike
0-1: Ball
1-1: Ball
2-1: Fly out, F8 (Flyball, 89M)
Batting: LHB Gonzalo López 0-0: Ball
1-0: Ball
2-0: Swinging Strike
2-1: Foul Ball, location: 2F
2-2: Ball
3-2: Foul Ball, location: 2F
3-2: Base on Balls
Clay Rush to second
Pitching: LHP Jack King
Pinch Hitting: LHB Marcos Zúńiga 0-0: Swinging Strike
0-1: Ball
1-1: Ball
2-1: Ball
3-1: Base on Balls
Clay Rush to third
Gonzalo López to second
Batting: RHB Pedro Mendoza 0-0: Ball
1-0: Foul Ball, location: 2F
1-1: Foul Ball, location: 2F
1-2: Strikes out swinging
Bottom of the 6th over - 0 run(s), 0 hit(s), 0 error(s), 3 left on base; Hartford 4 - Kingston Township 6
TOP OF THE 7TH
Hartford Whalers batting - Pitching for Kingston Township Legion : RHP Louis McDowell
Now at 3B: Raúl Valadez
Pinch Hitting: RHB Fernando Camacho 0-0: Called Strike
0-1: Swinging Strike
0-2: Ball
1-2: Strikes out swinging
Pinch Hitting: RHB Steve Camp 0-0: Called Strike
0-1: Fly out, F8 (Flyball, 78M)
Pinch Hitting: RHB Akahele Kimokeo 0-0: Called Strike
0-1: Called Strike
0-2: Ball
1-2: Strikes out swinging
Top of the 7th over - 0 run(s), 0 hit(s), 0 error(s), 0 left on base; Hartford 4 - Kingston Township 6
BOTTOM OF THE 7TH
Kingston Township Legion batting - Pitching for Hartford Whalers : LHP Jack King
Now at 2B: Akahele Kimokeo
Now at 3B: Fernando Camacho
Now in LF: Javier Díaz
Batting: LHB Wilfrid Savary 0-0: Swinging Strike
0-1: Ball
1-1: Foul Ball, location: 2F
1-2: Ball
2-2: Foul Ball, location: 2F
2-2: Foul Ball, location: 2F
2-2: Foul Ball, location: 2F
2-2: Foul Ball, location: 2F
2-2: Ball
3-2: SINGLE (Line Drive, 89S)
Batting: RHB Nectanebos Dolenian 0-0: Sac Bunt - play at second, runner OUT! 1-6
Batting: RHB Ernie McPherson 0-0: Ball
1-0: Called Strike
Nectanebos Dolenian steals 2nd base
1-1: Ball
2-1: Foul Ball, location: 2F
2-2: Ball
3-2: Foul Ball, location: 2F
3-2: Foul Ball, location: 2F
3-2: Strikes out swinging
Batting: RHB Vicente Toro 0-0: Ground out 6-3 (Groundball, 6)
Bottom of the 7th over - 0 run(s), 1 hit(s), 0 error(s), 1 left on base; Hartford 4 - Kingston Township 6
TOP OF THE 8TH
Hartford Whalers batting - Pitching for Kingston Township Legion : RHP Louis McDowell
Batting: RHB Dave Farr 0-0: Ball
1-0: Foul Ball, location: 2F
1-1: Swinging Strike
1-2: Strikes out swinging
Pinch Hitting: RHB Troy Gine 0-0: Called Strike
0-1: Foul Ball, location: 2F
0-2: Strikes out looking
Batting: LHB Paco Hernández 0-0: Ball
1-0: Called Strike
1-1: Foul Ball, location: 2F
1-2: Strikes out swinging
Top of the 8th over - 0 run(s), 0 hit(s), 0 error(s), 0 left on base; Hartford 4 - Kingston Township 6
BOTTOM OF THE 8TH
Kingston Township Legion batting - Pitching for Hartford Whalers : LHP Jack King
Now at 1B: Troy Gine
Batting: LHB Clay Rush 0-0: Ball
1-0: Ball
2-0: Ball
3-0: Swinging Strike
3-1: Base on Balls
Batting: RHB Akihiko Oike 0-0: Grounds into double play, 6-4-3 (Groundball, 6)
Batting: LHB Gonzalo López 0-0: Called Strike
0-1: Ball
1-1: Fly out, F8 (Flyball, 8LD)
Bottom of the 8th over - 0 run(s), 0 hit(s), 0 error(s), 0 left on base; Hartford 4 - Kingston Township 6
TOP OF THE 9TH
Hartford Whalers batting - Pitching for Kingston Township Legion : RHP Louis McDowell
Pitching: RHP Bruce Hamilton
Pinch Hitting: RHB Phil Hayes 0-0: Called Strike
0-1: Foul Ball, location: 2F
0-2: Ball
1-2: SINGLE (Groundball, 6MD)
Batting: RHB Román Centena 0-0: Ball
1-0: Called Strike
1-1: Called Strike
1-2: Fielders Choice at 2nd, 6-4 (Groundball, 6)
Batting: RHB Brent Burgess 0-0: Called Strike
0-1: Foul Ball, location: 2F
0-2: Grounds into double play, 5-4-3 (Groundball, 56)
Top of the 9th over - 0 run(s), 1 hit(s), 0 error(s), 0 left on base; Hartford 4 - Kingston Township 6
This league is powered by Out of the Park Baseball, the baseball management simulation game for PC, Mac and Linux
Friday, April 15th, 2016 - OOTP Baseball 16.9 Build 39